 Dungeon Crawl Stone Soup version 0.19-a0-981-gaae9137 (webtiles) character file.

11699 Charly the Unseen (level 11, -2/83 HPs)
             Began as a Vampire Assassin on July 14, 2016.
             Was a High Priest of Makhleb.
             Slain by an orc sorcerer
             ... wielding a +0 dagger
              (7 damage)
             ... while paralysed by an orc sorcerer
             ... on level 2 of the Orcish Mines.
             The game lasted 01:45:11 (4961 turns).

Charly the Unseen (Vampire Assassin)                Turns: 4961, Time: 01:45:12

Health: -2/83      AC: 11    Str: 10    XL:     11   Next: 52%
Magic:  13/16      EV:  2    Int: 15    God:    Makhleb [*****.]
Gold:   105        SH:  0    Dex: 26    Spells: 3 memorised, 9 levels left

rFire  . . .     SeeInvis +     w - +5 demon whip "Vyjoacha" {elec, +Inv rC+ Dex+3 Stlth-}
rCold  + + .     Gourm    .     r - +1 ring mail of Resourcefulness {Dex+5} (curse)
rNeg   + + .     Faith    .     (no shield)
rPois  +         Spirit   .     E - +0 hat
rElec  .         Dismiss  .     F - +2 cloak {+Inv}
rCorr  .         Reflect  +     D - +1 pair of gloves
SustAt .         Harm     .     H - +2 pair of boots {run}
MR     +....                    m - +5 amulet of reflection
Stlth  +++++.....               v - -3 ring of evasion (curse)
                                i - ring of loudness (curse)

@: paralysed, very slightly contaminated, regenerating slowly, drained, quick,
somewhat resistant to hostile enchantments, quite stealthy
A: fangs 3, see invisible, deformed body, low mp 1, unbreathing
a: Bat Form, Minor Destruction, Lesser Servant of Makhleb, Major Destruction,
Greater Servant of Makhleb, Renounce Religion, Evoke Invisibility


You were on level 2 of the Orcish Mines.
You worshipped Makhleb.
Makhleb was extremely pleased with you.
You were thirsty.

You visited 2 branches of the dungeon, and saw 14 of its levels.

You collected 921 gold pieces.
You spent 816 gold pieces at shops.

Inventory:

Hand Weapons
 a - a +2 short sword of speed
 b - a +0 blowgun
 w - the +5 demon whip "Vyjoacha" (weapon) {elec, +Inv rC+ Dex+3 Stlth-}
   (You found it on level 11 of the Dungeon)

   Occasionally, upon striking a foe, it will discharge some electrical energy
   and cause terrible harm.
   It affects your dexterity (+3).
   It protects you from cold.
   It lets you turn invisible.
   It makes you less stealthy.
Missiles
 d - 2 curare-tipped needles
Armour
 c - a cursed +0 scale mail
 r - the cursed +1 ring mail of Resourcefulness (worn) {Dex+5}
   (You found it on level 6 of the Dungeon)

   It affects your dexterity (+5).
   It has a curse placed upon it.
 D - a +1 pair of gloves (worn)
 E - a +0 hat (worn)
 F - a +2 cloak of invisibility (worn)
 G - a +2 scale mail of fire resistance
 H - a +2 pair of boots of running (worn)
Jewellery
 f - an uncursed ring of protection from fire
 i - a cursed ring of loudness (left hand)
 j - an uncursed ring of sustain attributes
 m - a +5 amulet of reflection (around neck)
 v - a cursed -3 ring of evasion (right hand)
 I - an uncursed ring of resist corrosion {unknown}
Wands
 h - a wand of paralysis (0/24)
Scrolls
 e - a scroll of enchant weapon
 g - 2 scrolls of fog
 u - 2 scrolls of immolation
Potions
 k - 3 potions of lignification
 o - a potion of brilliance
 x - a potion of invisibility {unknown}
 z - a potion of mutation {unknown}
Books
 q - a book of Enchantments

   Spells                             Type                      Level
   a - Cause Fear                     Hexes                        4
   b - Yara's Violent Unravelling     Hexes/Transmutation          5
   c - Silence                        Hexes/Air                    5
   d - Deflect Missiles               Charms/Air                   6
   e - Haste                          Charms                       6
   f - Discord                        Hexes                        8
 A - a book of Necromancy

   Spells                             Type                      Level
   a - Pain                           Necromancy                   1
   b - Animate Skeleton               Necromancy                   1
   c - Vampiric Draining              Necromancy                   3
   d - Regeneration                   Charms/Necromancy            3
   e - Animate Dead                   Necromancy                   4
   f - Control Undead                 Necromancy                   4


   Skills:
 - Level 6.4(6.2) Fighting
 - Level 2.1(2.0) Short Blades
 - Level 1.5(1.4) Throwing
 - Level 1.1(0.9) Dodging
 - Level 15.3(15.1) Stealth
 - Level 3.4(3.3) Spellcasting
 - Level 6.1(6.0) Charms
 - Level 6.1(6.0) Necromancy
 + Level 9.9(9.7) Evocations


You had 9 spell levels left.
You knew the following spells:

 Your Spells              Type           Power        Failure   Level  Hunger
a - Animate Skeleton      Necr           N/A          6%          1    #......
r - Regeneration          Chrm/Necr      ###.......   14%         3    ###....
v - Vampiric Draining     Necr           ###.......   14%         3    ###....


Dungeon Overview and Level Annotations

Branches:
Dungeon (12/15)            Temple (0/1) D:7            Lair (0/6) D:10
    Orc (2/2) D:9
    Elf: Orc:2

Altars:
Cheibriados
Elyvilon
Gozag
Makhleb
Okawaru
Vehumet
Yredelemnul
Zin
Beogh

Shops:
D:10 %   D:11 %**[

Annotations:
D:5 Menkaure
D:11 Grum; Rainbowgamer28's ghost, journeyman MiWn
Orc:1 Erica


Innate Abilities, Weirdness & Mutations

You heal slowly.
You have razor-sharp teeth.
You have supernaturally acute eyesight. (SInv)
You can survive without breathing.
Armour fits poorly on your strangely shaped body.
Your magical capacity is low. (-10% MP)


Message History

The orc knight hits you with an arbalest!
The orc sorcerer hits you but does no damage.
The red devil hits you from afar with an antimagic demon trident!
You feel your power leaking away. The hellwing barely misses you.
The hellwing hits you but does no damage.
The orc sorcerer hits you but does no damage.
The orc knight hits you but does no damage.
The red devil hits you from afar with an antimagic demon trident!
* * * LOW HITPOINT WARNING * * *
The orc sorcerer gestures at you while chanting.
The bolt of negative energy hits you! You partially resist.
You feel drained.
* * * LOW HITPOINT WARNING * * *
The bolt of negative energy hits the hellwing.
The hellwing completely resists.
The hellwing hits you but does no damage.
The hellwing hits you.
* * * LOW HITPOINT WARNING * * *
The orc sorcerer hits you with a dagger!
You die...

....###
...÷##.......#
##...##... .#.##
.....###....##
##.#..... .###
...÷...#..#####
#......## ..#
...÷...####
##.##..#....# ..#
§..÷.÷4##
#......###.## ..##
÷.4o4o# #..##.##
### ...# #oo4###...
### ...####
#)oo###.# ...#..###
##o@4# ## .[.....[#
###:...#
...#...#####.[..(##
...###...)..)...##
....##)..).....##
#.(###.......###
..)###......##
....#......## ..#
...))#.....## ...#


You could see 2 orc knights, an orc high priest, a hellwing, an ice devil, 2 orc
sorcerers, 3 red devils, an orc warrior (paralysed) and an orc wizard.

Vanquished Creatures
  A hydra (D:11)
  An orc high priest (Orc:2)
  An unseen horror (D:11)
  2 hill giants (D:11)
  An orc knight (Orc:2)
  An orc sorcerer (Orc:2)
  A centaur zombie (D:12)
  3 two-headed ogres (D:11)
  3 trolls
  A spriggan (D:11)
  11 yaks
  A human (D:11)
  A hippogriff (D:10)
  Duvessa (D:7)
  A soldier ant (D:11)
  An eye of draining (D:11)
  13 orc warriors
  A necrophage (D:11)
  4 centaurs
  4 wolves (D:11)
  4 ogres
  A big kobold (D:7)
  Blork the orc (D:6)
  5 giant frogs
  A wyvern skeleton (D:12)
  4 scorpions
  Dowan (D:7)
  3 wights (D:10)
  4 crimson imps
  A quasit (D:11)
  2 giant frog zombies
  9 orc priests
  2 hounds
  4 jellies
  A giant frog skeleton (D:11)
  11 orc wizards
  4 worker ants
  4 gnolls (D:6)
  8 adders
  An adder zombie (D:8)
  37 orcs
  2 giant cockroaches
  A goblin (D:3)
  2 hobgoblins
  9 jackals
  3 quokkas
  A giant newt (D:6)
  A kobold (D:7)
180 creatures vanquished.

Vanquished Creatures (collateral kills)
  A giant frog zombie (D:7)
1 creature vanquished.

Vanquished Creatures (others)
  A quokka (D:6)
1 creature vanquished.

Grand Total: 182 creatures vanquished

Notes
Turn   | Place    | Note
-------+----------+-------------------------------------------
     0 | D:1      | Charly the Vampire Assassin began the quest for the Orb.
     0 | D:1      | Reached XP level 1. HP: 16/16 MP: 1/1
    48 | D:2      | Found a faded altar of an unknown god.
   109 | D:3      | Reached skill level 6 in Stealth
   152 | D:4      | Found a radiant altar of Vehumet.
   178 | D:4      | Noticed an orc priest
   182 | D:4      | Noticed an orc wizard
   186 | D:4      | Killed an orc priest
   186 | D:4      | Reached skill level 7 in Stealth
   186 | D:4      | Reached XP level 2. HP: 22/22 MP: 2/2
   186 | D:4      | Reached XP level 3. HP: 27/27 MP: 3/3
   227 | D:4      | Reached skill level 8 in Stealth
   264 | D:5      | Entered Level 5 of the Dungeon
   277 | D:4      | Found an iron altar of Okawaru.
   295 | D:4      | Reached XP level 4. HP: 14/33 MP: 4/4
   483 | D:6      | Noticed a centaur
   510 | D:5      | Found a basalt altar of Yredelemnul.
   510 | D:5      | Found an opulent altar of Gozag.
   546 | D:5      | Noticed a yak
   546 | D:5      | Noticed a yak
   547 | D:5      | Noticed a yak
   547 | D:5      | Noticed a yak
   569 | D:5      | Noticed a centaur
   573 | D:5      | Noticed Menkaure
   574 | D:5      | Killed a centaur
   574 | D:5      | Reached skill level 9 in Stealth
   574 | D:5      | Reached XP level 5. HP: 31/38 MP: 5/5
   622 | D:5      | Reached skill level 10 in Stealth
   674 | D:6      | Got an ancient ring mail
   685 | D:6      | Identified the cursed +1 ring mail of Resourcefulness {Dex+5} (You found it on level 6 of the Dungeon)
   702 | D:6      | Found a burning altar of Makhleb.
   705 | D:6      | Reached skill level 11 in Stealth
   705 | D:6      | Reached XP level 6. HP: 44/44 MP: 6/6
   707 | D:6      | Became a worshipper of Makhleb the Destroyer
   764 | D:6      | Found a white marble altar of Elyvilon.
   841 | D:6      | Noticed Blork the orc
   848 | D:6      | Killed Blork the orc
   905 | D:6      | Reached skill level 12 in Stealth
   955 | D:6      | Learned a level 3 spell: Regeneration
   957 | D:6      | Learned a level 1 spell: Animate Skeleton
  1027 | D:6      | Reached skill level 1 in Charms
  1027 | D:6      | Reached XP level 7. HP: 49/49 MP: 7/7
  1097 | D:6      | Reached skill level 1 in Necromancy
  1108 | D:6      | Found a glowing silver altar of Zin.
  1297 | D:7      | Reached * piety under Makhleb
  1404 | D:7      | Found a staircase to the Ecumenical Temple.
  1434 | D:7      | Noticed Dowan
  1435 | D:7      | Noticed Duvessa
  1440 | D:7      | Killed Dowan
  1440 | D:7      | Reached skill level 1 in Spellcasting
  1467 | D:7      | Killed Duvessa
  1467 | D:7      | Reached XP level 8. HP: 36/55 MP: 7/10
  1513 | D:7      | HP: 2/55 [poisoned by a kobold]
  1519 | D:7      | HP: 2/55 [poisoned by a kobold]
  1943 | D:9      | Noticed a troll
  1953 | D:9      | Killed a troll
  1953 | D:9      | Reached skill level 5 in Charms
  1953 | D:9      | Reached skill level 5 in Necromancy
  2047 | D:9      | Found a staircase to the Orcish Mines.
  2138 | D:10     | Entered Level 10 of the Dungeon
  2138 | D:10     | Noticed a hill giant
  2386 | D:9      | Reached ** piety under Makhleb
  2633 | Orc:1    | Entered Level 1 of the Orcish Mines
  2659 | D:11     | Found Numot's Food Boutique.
  2772 | D:10     | Learned a level 3 spell: Vampiric Draining
  2878 | D:11     | Noticed a hill giant
  2878 | D:11     | Noticed a two-headed ogre
  2880 | D:11     | Noticed a four-headed hydra
  2891 | D:11     | Killed a four-headed hydra
  2891 | D:11     | Reached skill level 13 in Stealth
  2891 | D:11     | Reached XP level 9. HP: 65/65 MP: 14/14
  2930 | D:11     | Got a polished demon whip
  2937 | D:11     | Identified the +5 demon whip "Vyjoacha" {elec, +Inv rC+ Dex+3 Stlth-} (You found it on level 11 of the Dungeon)
  2987 | D:11     | Reached skill level 14 in Stealth
  2989 | D:11     | Reached skill level 5 in Fighting
  3026 | D:12     | Reached *** piety under Makhleb
  3033 | D:12     | Reached XP level 10. HP: 72/76 MP: 3/15
  3086 | D:11     | Found Odwatoh's Assorted Antiques.
  3093 | D:11     | Reached skill level 15 in Stealth
  3097 | D:11     | Found Vaekau's Assorted Antiques.
  3115 | D:11     | Bought a pair of runed boots for 148 gold pieces
  3115 | D:11     | Bought a scroll labeled REPNE POMOFAM for 33 gold pieces
  3125 | D:11     | Identified a +2 pair of boots of running (You bought it in a shop on level 11 of the Dungeon)
  3143 | D:11     | Noticed a hill giant
  3198 | D:11     | Killed a hill giant
  3286 | D:11     | Found Payl's Armour Shop.
  3342 | D:11     | Noticed Grum
  3361 | D:11     | Reached skill level 1 in Evocations
  3374 | D:11     | Noticed Rainbowgamer28's ghost (journeyman MiWn)
  3378 | D:11     | Noticed a gargoyle
  3482 | D:11     | Noticed an unseen horror
  3492 | D:11     | Killed an unseen horror
  3512 | D:11     | Found a snail-covered altar of Cheibriados.
  3612 | D:11     | Killed a hill giant
  3612 | D:11     | Reached skill level 5 in Evocations
  3735 | Orc:2    | Entered Level 2 of the Orcish Mines
  3882 | Orc:2    | Reached **** piety under Makhleb
  3914 | Orc:2    | Noticed an orc knight
  3962 | Orc:1    | Gained mutation: Your magical capacity is low. (-10% MP) [mutagenic glow]
  4086 | Orc:2    | Found a roughly hewn altar of Beogh.
  4292 | Orc:2    | Killed an orc knight
  4292 | Orc:2    | Reached XP level 11. HP: 60/83 MP: 10/14
  4414 | D:11     | Bought a blackened lead wand for 140 gold pieces
  4424 | D:11     | Bought a dented silver amulet for 165 gold pieces
  4424 | D:11     | Bought a clear potion for 29 gold pieces
  4457 | D:11     | Bought a +2 cloak of invisibility for 301 gold pieces
  4656 | D:10     | Found Vakuymn's Food Shoppe.
  4681 | D:10     | Found a staircase to the Lair.
  4792 | Orc:1    | Noticed Erica
  4846 | Orc:2    | Reached ***** piety under Makhleb
  4886 | Orc:2    | Noticed an orc knight
  4886 | Orc:2    | Noticed an orc high priest
  4887 | Orc:2    | Noticed an orc sorcerer
  4887 | Orc:2    | Gained mutation: Armour fits poorly on your strangely shaped body. [mutagenic glow]
  4904 | Orc:2    | Killed an orc sorcerer
  4930 | Orc:2    | Noticed an orc high priest
  4942 | Orc:2    | Noticed an orc sorcerer
  4943 | Orc:2    | Noticed an orc knight
  4943 | Orc:2    | Noticed an orc knight
  4943 | Orc:2    | Noticed an orc sorcerer
  4949 | Orc:2    | Killed an orc high priest
  4957 | Orc:2    | Paralysed by an orc sorcerer for 7 turns
  4961 | Orc:2    | Slain by an orc sorcerer

Vault maps used:
D:1:      zelgadis_glass_arrival_small, st_stairs_8,
          minmay_misc_feat_four_crosses
D:2:      led_sif_pool, ecumenical_altar_2
D:3:      grunt_pakellas_sulfur
D:4:      okawaru_trees_1, gammafunk_temple_overflow_pools,
          vehumet_altar_wand_db
D:5:      gammafunk_temple_overflow_elements, first_bread,
          minmay_stone_trees_small, uniq_menkaure
D:6:      overflow_temple_1_default, nicolae_overflow_crystal_walls,
          elyvilon_altar_4, makhleb_heckhound_becter, uniq_blork_the_orc,
          uniq_crazy_yiuf_cottage, uniq_grinder
D:7:      uniq_duvessa
D:8:      old_standard_altar, uniq_psyche
D:9:      david_orc_2
D:10:     lair_0_dummy, serial_shops, shop
D:11:     serial_shops, nicolae_shop_overgrown_old_shop, shop, shop,
          shop_statue, hangedman_stone_soup, cheibriados_altar_1, uniq_grum
Orc:1:    uniq_erica
Orc:2:    grunt_orc_tribal_feast, enter_volcano_3, basic_altar

Skill      XL: |  1  2  3  4  5  6  7  8  9 10 11 |
---------------+----------------------------------+-----
Stealth        | 7 8 9 11 12 13 14 15 | 15.3
Charms         | 1 4 6 |  6.1
Necromancy     | 4 6 |  6.1
Spellcasting   | 1 3 |  3.4
Fighting       | 3 5 6 |  6.4
Evocations     | 7 9 |  9.9
Short Blades   | |  2.1
Throwing       | |  1.5
Dodging        | |  1.1

Action                   |  1- 3 |  4- 6 |  7- 9 | 10-12 || total
-------------------------+-------+-------+-------+-------++-------
Melee: Dagger            |    24 |    22 |   181 |    32 ||   259
       Bite              |     2 |     1 |    26 |    34 ||    63
       Scimitar          |       |       |    16 |       ||    16
       Demon whip        |       |       |    40 |   208 ||   248
 Fire: Blowgun           |    19 |    24 |    42 |    35 ||   120
 Cast: Regeneration      |       |       |    12 |    29 ||    41
       Animate Skeleton  |       |       |     2 |       ||     2
       Vampiric Draining |       |       |     1 |       ||     1
Invok: Minor Destruction |       |       |     1 |       ||     1
 Abil: End Transformatio |       |       |     7 |     5 ||    12
       Bat Form          |       |       |     7 |     5 ||    12
       Evoke Invisibilit |       |       |       |     7 ||     7
Evoke: Wand              |       |    11 |     7 |    10 ||    28
  Use: Scroll            |       |       |    12 |     5 ||    17
       Potion            |       |       |     2 |     8 ||    10
 Stab: Sleeping          |       |     5 |    16 |     4 ||    25
       Distracted        |       |       |     2 |     2 ||     4
       Invisible         |       |       |       |    14 ||    14
       Paralysed         |       |       |       |     5 ||     5
  Eat: Corpse            |       |     1 |     3 |     6 ||    10
Armor: Robe              |     3 |     1 |       |       ||     4
       Ring mail         |       |    10 |   138 |   100 ||   248
       Skin              |       |       |     9 |       ||     9
Dodge: Dodged            |    12 |    19 |    80 |    74 ||   185
Block: Other             |       |       |       |     9 ||     9
